 Dungeon Crawl Stone Soup version 0.26.1-11-gd32895ea62 (webtiles) character file.

Game seed: 10530238442888185738

84 Zeld the Twirler (level 4, -1/29 HPs)
             Began as an Octopode Gladiator on May 23, 2021.
             Slain by a killer bee (6 damage)
             ... on level 5 of the Dungeon.
             The game lasted 00:00:53 (868 turns).

Zeld the Twirler (Octopode Gladiator)                Turns: 868, Time: 00:00:54

Health: -1/29      AC:  1    Str: 14    XL:     4   Next: 46%
Magic:  4/4        EV: 14    Int: 10    God:
Gold:   41         SH:  0    Dex: 13    Spells: 3/3 levels left

rFire    . . .     SeeInvis .   a - +0 quarterstaff
rCold    . . .     Faith    .   (shield currently unavailable)
rNeg     . . .     Spirit   .   b - +0 hat
rPois    .         Reflect  .   (no amulet)
rElec    .         Harm     .   (no ring)
rCorr    .         Rampage  .   (no ring)
Will     .....                  (no ring)
Stlth    ++........             (no ring)
HPRegen  0.09/turn              (no ring)
MPRegen  0.09/turn              (no ring)
                                (no ring)
                                (no ring)

@: lethally poisoned (-1 -> -5)
A: almost no armour, stealthy swim, amphibious, 8 rings, constrict 8, camouflage
1, gelatinous body 1
a: no special abilities


You were on level 5 of the Dungeon.
You visited 1 branch of the dungeon, and saw 5 of its levels.

You collected 41 gold pieces.

Inventory:

Hand Weapons
 a - a +0 quarterstaff (weapon)
Missiles
 c - 3 throwing nets
 h - 18 poisoned darts (quivered)
Armour
 b - a +0 hat (worn)
Jewellery
 e - a cursed -4 ring of protection {unknown}
Scrolls
 f - a scroll of enchant weapon {unknown}
 i - a scroll of remove curse {unknown}
Potions
 d - a potion of attraction {unknown}
 g - a potion of degeneration {unknown}


   Skills:
 - Level 2.0 Fighting
 * Level 5.1 Staves
 - Level 2.0 Throwing
 - Level 3.0 Dodging


You had 3 spell levels left.
You didn't know any spells.
Your spell library was empty.

Dungeon Overview and Level Annotations

Branches:
Dungeon (5/15)
 Temple: D:4-7

Altars:


Innate Abilities, Weirdness & Mutations

You cannot wear most types of armour.
You are very stealthy in the water. (Stealth+)
You are amphibious.
You can wear up to eight rings at the same time.
You can use your tentacles to constrict eight enemies at once.
Your skin changes colour to match your surroundings (Stealth+).
Your rubbery body absorbs attacks. (AC +1, EV +1)


Message History

The killer bee stings you. The killer bee closely misses you.
You completely miss the killer bee. Your grab misses the killer bee.
The killer bee stings you. The killer bee closely misses you.
You are too injured to fight recklessly!
You are too injured to fight recklessly!
You are too injured to fight recklessly!
You are too injured to fight recklessly!
You sock the killer bee! Your grab misses the killer bee.
Your squeeze misses the killer bee.
The killer bee is heavily wounded.
The killer bee stings you!
* * * LOW HITPOINT WARNING * * *
You are poisoned.
The killer bee poisons you! The killer bee barely misses you.
You hit the killer bee. Your grab misses the killer bee.
You squeeze the killer bee.
The killer bee is severely wounded.
* * * LOW HITPOINT WARNING * * *
You feel sick. The killer bee stings you.
You die...

#..# #..#
#..# #.(#
#..# #..#
#<.#
.##########.#
.......yy@..#
#############


You could see 2 killer bees.

Vanquished Creatures
  A hound (D:4)
  An iguana (D:4)
  A gnoll (D:1)
  A leopard gecko (D:2)
  An orc (D:4)
  2 bats
  A giant cockroach (D:2)
  4 goblins
  A hobgoblin (D:3)
  A frilled lizard (D:1)
  3 rats
17 creatures vanquished.

Notes
Turn   | Place    | Note
-------+----------+-------------------------------------------
     0 | D:1      | Zeld the Octopode Gladiator began the quest for the Orb.
     0 | D:1      | Reached XP level 1. HP: 14/14 MP: 1/1
    89 | D:1      | Reached XP level 2. HP: 17/19 MP: 2/2
   339 | D:2      | Reached skill level 4 in Staves
   351 | D:2      | Reached XP level 3. HP: 4/24 MP: 3/3
   783 | D:4      | Reached skill level 5 in Staves
   783 | D:4      | Reached XP level 4. HP: 24/29 MP: 4/4
   852 | D:5      | Entered Level 5 of the Dungeon
   868 | D:5      | Slain by a killer bee

Illustrated notes

Levels and vault maps discovered:
D:1:      heliophobic_arrival_dark_side_of_the_moon, layout_rooms
D:2:      layout_basic, serial_glass, glass_columns_a, glass_columns_b,
          minmay_heptomino_w4, uniq_robin
D:3:      layout_loops_ring, minmay_surrounded
D:4:      layout_rooms, lightli_minifort
D:5:      layout_basic, portal_sewer_entry_b

Skill      XL: |  1  2  3 |
---------------+----------+-----
Staves         | 4 5 |  5.1
Fighting       | |  2.0
Throwing       | |  2.0
Dodging        | |  3.0

Action                   |  1- 3 |  4- 6 || total
-------------------------+-------+-------++-------
Melee: Quarterstaff      |    36 |     6 ||    42
       Constrict         |     8 |     1 ||     9
       Tentacles         |     3 |     2 ||     5
 Stab: Sleeping          |     1 |       ||     1
Armor: Skin              |     7 |       ||     7
Dodge: Dodged            |    36 |     6 ||    42
